 Dungeon Crawl Stone Soup version 0.24.1-14-gf8d2b509d9 (webtiles) character file.

Game seed: 909126881522894731, levelgen mode: deterministic

163 KlarStein the Skirmisher (level 5, -9/42 HPs)
             Began as a Demonspawn Fighter on Sept 12, 2020.
             Killed by divine providence
             ... invoked by an orc priest
              (14 damage)
             ... on level 3 of the Dungeon.
             The game lasted 00:07:33 (2794 turns).

KlarStein the Skirmisher (Demonspawn Fighter)       Turns: 2794, Time: 00:07:35

Health: -9/42      AC: 10    Str: 17    XL:     5   Next: 20%
Magic:  5/5        EV:  7    Int:  9    God:
Gold:   192        SH:  9    Dex: 13    Spells: 4/4 levels left

rFire    . . .     SeeInvis .   a - +0 long sword
rCold    . . .     Gourm    .   c - +0 shield
rNeg     . . .     Faith    .   b - +0 scale mail
rPois    .         Spirit   .   (no helmet)
rElec    .         Reflect  .   p - +0 cloak
rCorr    .         Harm     .   (no gloves)
MR       .....                  (no boots)
Stlth    ..........             (no amulet)
HPRegen  0.14/turn              (no ring)
MPRegen  0.09/turn              (no ring)

@: no status effects
A: molten scales 1, spiny 1
a: no special abilities


You were on level 3 of the Dungeon.
You were not hungry.

You visited 1 branch of the dungeon, and saw 3 of its levels.

You collected 192 gold pieces.

Inventory:

Hand Weapons
 a - a +0 long sword (weapon)
 j - a +0 whip of electrocution
Missiles
 h - 7 javelins (quivered)
Armour
 b - a +0 scale mail (worn)
 c - a +0 shield (worn)
 p - a +0 cloak (worn)
Jewellery
 i - an uncursed ring of protection from cold {unknown}
 k - an uncursed ring of wizardry {unknown}
 l - an uncursed ring of flight {unknown}
Scrolls
 e - a scroll of teleportation
 g - a scroll of identify
 s - a scroll of remove curse {unknown}
Potions
 d - 2 potions of might
 m - a potion of brilliance {unknown}
 n - 2 potions of heal wounds {unknown}
 o - a potion of invisibility {unknown}
 q - a potion of curing
 r - 2 potions of degeneration {unknown}
Comestibles
 f - 5 rations


   Skills:
 + Level 3.6 Fighting
 * Level 3.4 Long Blades
 + Level 3.4 Armour
 + Level 3.4 Shields


You had 4 spell levels left.
You didn't know any spells.
Your spell library was empty.

Dungeon Overview and Level Annotations

Branches:
Dungeon (3/15)

Altars:
The Shining One


Innate Abilities, Weirdness & Mutations

You are partially covered in molten scales. (AC +2)
You are partially covered in sharp spines.


Message History

The orc priest is moderately wounded.
You block the orc priest's attack. The orc hits you with a +0 hand axe.
* * * LOW HITPOINT WARNING * * *
The orc priest is struck by your spines.
The orc priest closely misses you.
The orc priest hits you but does no damage.
An orc comes into view.
Your shield and scale mail prevent you from hitting the orc priest.
The orc priest is moderately wounded.
The orc is struck by your spines. The orc hits you with a +0 hand axe.
* * * LOW HITPOINT WARNING * * *
The orc priest hits you but does no damage.
You block the orc priest's attack.
You closely miss the orc priest.
The orc priest is moderately wounded.
The orc is struck by your spines. The orc hits you with a +0 hand axe.
* * * LOW HITPOINT WARNING * * *
The orc priest invokes the aid of Beogh against you.
Beogh smites you!
You die...

#.# #.#.. #.# ..
#.#.# ##.#
...##...## #..#
#........ #.##
###....# #.#
#......#
#####.####
#..#...#
#........####.....
#....
#.....o@......###
#....
#(....oo.######
#.##. #......o.#
...##. #........#
##.##.. #.......o#
.##....#
#########.
......##. ..
......... ..
####.#... ......##


You could see 2 orc priests and 3 orcs.

Vanquished Creatures
  6 adders
  A worm (D:2)
  4 dart slugs
  4 leopard geckos
  An orc (D:2)
  A ball python (D:1)
  11 bats
  6 giant cockroaches
  6 goblins
  5 hobgoblins
  20 jackals
  8 kobolds
  A quokka (D:3)
  2 frilled lizards
  10 rats
86 creatures vanquished.

Notes
Turn   | Place    | Note
-------+----------+-------------------------------------------
     0 | D:1      | KlarStein the Demonspawn Fighter began the quest for the
                  | Orb.
     0 | D:1      | Reached XP level 1. HP: 18/18 MP: 1/1
   130 | D:1      | Gained mutation: You are partially covered in sharp spines.
                  | [demonic ancestry]
   130 | D:1      | Reached XP level 2. HP: 18/24 MP: 2/2
   541 | D:1      | Reached XP level 3. HP: 29/29 MP: 3/3
  1464 | D:2      | Gained mutation: You are partially covered in molten
                  | scales. (AC +2) [demonic ancestry]
  1464 | D:2      | Reached XP level 4. HP: 35/35 MP: 4/4
  1865 | D:2      | Found a faded altar of an unknown god.
  2128 | D:2      | Found a glowing golden altar of the Shining One.
  2669 | D:3      | Reached XP level 5. HP: 41/41 MP: 5/5
  2794 | D:3      | Killed from afar by an orc priest

Levels and vault maps discovered:
D:1:      dpeg_arrival_round_c, layout_rooms, serial_forest,
          infiniplex_forest_end_3, infiniplex_forest_lined_corner,
          infiniplex_forest_end_2, infiniplex_forest_clump_cross,
          minmay_heptomino_l4
D:2:      layout_basic, nicolae_tso_swordbearing_angel,
          chequers_ecumenical_altar_simple
D:3:      layout_rooms

Skill      XL: |  1  2  3  4 |
---------------+-------------+-----
Long Blades    | 2 3 |  3.4
Shields        | 3 |  3.4
Armour         | 3 |  3.4
Fighting       | |  3.6

Action                   |  1- 3 |  4- 6 || total
-------------------------+-------+-------++-------
Melee: Long sword        |   122 |   104 ||   226
  Use: Scroll            |       |     3 ||     3
       Potion            |       |     1 ||     1
  Eat: Chunk             |     2 |     4 ||     6
Armor: Scale mail        |    44 |    50 ||    94
Dodge: Dodged            |    31 |    26 ||    57
Block: Shield            |    72 |    55 ||   127
       Rpst.: Long sword |    14 |     6 ||    20
